 Dungeon Crawl Stone Soup version 0.31-a0-233-g139696dc86 (webtiles) character file.

Game seed: 5677886673777798152

149 qw the Shooter (level 5, 0/30 HPs)
             Began as a Gargoyle Hexslinger on July 9, 2023.
             Frozen to death by an endoplasm (5 damage)
             ... on level 4 of the Dungeon.
             The game lasted 00:01:14 (2054 turns).

qw the Shooter (Gargoyle Hexslinger)                Turns: 2054, Time: 00:01:15

Health: 0/30       AC: 13    Str: 12    XL:     5   Next: 31%
Magic:  6/6        EV: 10    Int: 13    God:
Gold:   162        SH:  0    Dex: 14    Spells: 5/6 levels left

rFire   . . .        Y - +1 sling
rCold   . . .        (no shield)
rNeg    + . .        g - +0 ring mail
rPois   inf          (no helmet)
rElec   +            (no cloak)
rCorr   .            (no gloves)
SInv    .            (no boots)
Will    .....        (no amulet)
Stlth   +            e - +4 ring of protection
HPRegen 0.25/turn    (no ring)
MPRegen 0.10/turn

%: no passive effects
@: no status effects
A: sickness immunity, AC +4, negative energy resistance 1, electricity
resistance, torment resistance 1, petrification resistance
a: no special abilities


You were on level 4 of the Dungeon.
You visited 1 branch of the dungeon, and saw 4 of its levels.

You collected 162 gold pieces.


Innate Abilities, Weirdness & Mutations

You are immune to sickness and miasma.
Your stone body is resilient. (AC +4)
You are immune to poison.
You resist negative energy. (rN+)
You are resistant to electric shocks. (rElec)
You are resistant to unholy torment.
You are immune to petrification.


   Skills:
 - Level 2.0 Fighting
 + Level 4.9 Ranged Weapons
 - Level 1.0 Armour
 - Level 1.5 Dodging
 - Level 1.0 Spellcasting
 - Level 2.6 Hexes


You had 5 spell levels left.
You knew the following spells:

 Your Spells              Type           Power      Damage    Failure   Level
a - Slow                  Hex            28%        N/A       22%         1

Your spell library contained the following spells:

 Spells                   Type           Power      Damage    Failure   Level
 Inner Flame              Hex/Fire       4%         N/A       73%         3
 Portal Projectile        Hex/Tloc       8%         N/A       73%         3
 Cause Fear               Hex            3%         N/A       91%         4

Inventory:

Hand Weapons
 Y - a +1 sling (weapon)
Armour
 c - a +0 helmet
 g - a +0 ring mail (worn)
Jewellery
 e - a +4 ring of protection (left hand)
Scrolls
 b - 2 scrolls of identify
Potions
 a - 2 potions of enlightenment
 d - a potion of curing
 h - a potion of heal wounds {unknown}
 l - a potion of attraction {unknown}

Dungeon Overview and Level Annotations

Branches:
Dungeon (4/15)
 Temple: D:4-7

Altars:

Shops:
D:1 !

Annotations:
D:3 1 runed translucent door, Crazy Yiuf


Message History

You shoot a sling bullet. The sling bullet barely misses the orc.
The orc hits you but does no damage. The endoplasm closely misses you.
You shoot a sling bullet.
The sling bullet closely misses the orc.
The orc barely misses you. The orc hits you with a +0 flail.
The endoplasm hits you. The orc barely misses you.
The endoplasm hits you but does no damage.
The orc hits you but does no damage.
You shoot a sling bullet.
The sling bullet hits the orc but does no damage.
The orc is lightly wounded.
The endoplasm freezes you.
You are frozen.
The orc hits you with a +0 morningstar. The orc barely misses you.
You shoot a sling bullet. The sling bullet hits the orc.
The orc is heavily wounded.
The endoplasm hits you but does no damage.
The orc barely misses you. The orc closely misses you.
You shoot a sling bullet. The sling bullet barely misses the orc.
The orc barely misses you. x2
The endoplasm freezes you.
You are frozen.
You shoot a sling bullet.
The sling bullet closely misses the orc.
The endoplasm jiggles.
The endoplasm freezes you.
You are frozen.
The orc hits you but does no damage. The orc closely misses you.
You shoot a sling bullet.
The sling bullet hits the orc but does no damage.
The orc is heavily wounded.
The orc hits you with a +0 morningstar. The orc hits you but does no damage.
The endoplasm freezes you.
You are frozen.
The endoplasm hits you but does no damage.
The orc closely misses you. The orc hits you but does no damage.
You shoot a sling bullet.
The sling bullet closely misses the orc.
The endoplasm freezes you.
You are frozen.
You die...

#..#..#<...........
#..#..###.....##..
###..#..#..........# .#
#........#.#...#.#.#...#
#.##.#..#..#.#.#........
#....#..##.......##.....
#.#..#.>.....#..........
#.<.##..#....#....#.###.
#..###.......#@........
#.......##..[Joo.##....
##.######..#.#.#)......
#.# ##.#...#.#.#.[. #.#
..........# #. #.#
#.....##.. #.# ...$..
... <#.###.# ..


You could see 2 orcs and an endoplasm.

Vanquished Creatures
  4 adders
  2 worms (D:2)
  2 dart slugs (D:3)
  4 orcs
  3 ball pythons
  3 bats
  10 endoplasms
  10 giant cockroaches
  9 hobgoblins
  7 jackals
  7 kobolds
  4 quokkas (D:2)
  4 frilled lizards
  11 goblins
  5 rats
85 creatures vanquished.

Notes
Turn   | Place    | Note
-------+----------+-------------------------------------------
     0 | D:1      | qw the Gargoyle Hexslinger began the quest for the Orb.
     0 | D:1      | Reached XP level 1. HP: 12/12 MP: 2/2
     0 | D:1      | 0 ||| qw: Version: 0.3-a-51-g015441d
     0 | D:1      | 0 ||| qw: Game counter: 3840
     0 | D:1      | 0 ||| qw: Melee chars always use a shield: true
     0 | D:1      | 0 ||| qw: God list: Okawaru
     0 | D:1      | 0 ||| qw: Allow faded altars: false
     0 | D:1      | 0 ||| qw: Do Orc after clearing Dungeon:15 true
     0 | D:1      | 0 ||| qw: Do second Lair branch before Depths: true
     0 | D:1      | 0 ||| qw: Lair rune preference: random
     0 | D:1      | 0 ||| qw: Goals: Normal
     0 | D:1      | 0 ||| PLANNING D:1-11
    23 | D:1      | Reached XP level 2. HP: 16/16 MP: 3/3
    51 | D:1      | Reached skill level 3 in Ranged Weapons
   172 | D:1      | Reached XP level 3. HP: 21/21 MP: 4/4
   339 | D:1      | Found Lefim's Distillery.
   353 | D:1      | 353 ||| SHOPLISTING 2 potions of resistance (280 gold, have
                  | 37).
   353 | D:1      | 353 ||| SHOPLISTING potion of curing (42 gold, have 37).
   353 | D:1      | 353 ||| SHOPLISTING potion of mutation (112 gold, have 37).
   535 | D:1      | 535 ||| UPGRADING to +0 leather armour.
   545 | D:1      | 545 ||| DROPPING +0 robe.
   546 | D:1      | 546 ||| UPGRADING to +0 ring mail.
   556 | D:1      | 556 ||| DROPPING +0 leather armour.
   557 | D:1      | 557 ||| UPGRADING to +4 ring of protection.
   558 | D:1      | 558 ||| READING scroll labelled MUPHACS WUERPHA.
   659 | D:1      | 659 ||| READING scroll labelled BASHEI GYDI.
   664 | D:1      | 664 ||| DROPPING scroll of poison.
   767 | D:2      | Reached XP level 4. HP: 23/26 MP: 5/5
   810 | D:2      | Reached skill level 4 in Ranged Weapons
   898 | D:2      | Reached skill level 1 in Armour
   953 | D:2      | Found the macabre finger necklace {Finger+ rN+}
  1061 | D:2      | Identified the +6 short sword of the Burning Gods {pain,
                  | *Rage rElec rCorr}
  1242 | D:2      | 1242 ||| READING 2 scrolls labelled RUDINU LIPSUCS.
  1243 | D:2      | 1243 ||| READING 2 scrolls labelled COFERH GIFESK.
  1244 | D:2      | 1244 ||| DRINKING 2 lumpy ruby potions.
  1245 | D:2      | 1245 ||| DROPPING scroll of vulnerability.
  1338 | D:3      | Found a runed translucent door.
  1339 | D:3      | Noticed Crazy Yiuf
  1404 | D:3      | Reached XP level 5. HP: 29/30 MP: 6/6
  1939 | D:3      | 1939 ||| READING scroll labelled UNWOCE LIKI.
  1940 | D:3      | 1940 ||| READING scroll labelled KIOMO URIST.
  1941 | D:3      | 1941 ||| READING scroll labelled CIUFYF JEZERYA.
  1942 | D:3      | 1942 ||| READING scroll labelled QOOZATTUTOBU.
  1964 | D:3      | 1964 ||| DRINKING 2 purple potions.
  1965 | D:3      | 1965 ||| READING 2 scrolls of identify.
  1965 | D:3      | 1965 ||| IDENTIFYING sedimented purple potion
  1966 | D:3      | 1966 ||| DROPPING potion of brilliance.
  2053 | D:4      | HP: 6/30 [orc/+0 morningstar (6)]
  2054 | D:4      | Frozen to death by an endoplasm

Levels and vault maps discovered:
D:1:      dreamdust_arrival_beginning_and_end, layout_rooms, serial_shops, shop
D:2:      layout_basic, minmay_pentomino_s4
D:3:      layout_rooms, dreamdust_mushroom_princess, minmay_joined_circles,
          uniq_crazy_yiuf_cottage
D:4:      nicolae_cairo_tiling_large_dashed, layout_loops_ring,
          mainiacjoe_overflow_paths, minivault_1

Skill      XL: |  1  2  3  4 |
---------------+-------------+-----
Ranged Weapons | 3 4 |  4.9
Fighting       | 2 |  2.0
Armour         | 1 |  1.0
Dodging        | |  1.5
Spellcasting   | |  1.0
Hexes          | |  2.6

Action                     |  1- 3 |  4- 6 || total
---------------------------+-------+-------++-------
   Fire: Sling             |   107 |   204 ||   311
    Use: Scroll            |     2 |     7 ||     9
         Potion            |       |     2 ||     2
 Armour: Robe              |    12 |       ||    12
         Ring mail         |    21 |    95 ||   116
  Dodge: Dodged            |    51 |    94 ||   145

Table legend:
 A = Non-vault XP
 B = Vault XP
 C = Vault XP percentage of total XP
 D = Non-vault monster count
 E = Vault monster count
 F = Vault count percentage of total count
                 A         B        C        D         E       F
            +---------+---------+-------+---------+---------+-------
      Total |     178 |      35 |  16.4 |      70 |      15 |  17.6
            +---------+---------+-------+---------+---------+-------
        D:1 |      51 |       0 |   0.0 |      27 |       0 |   0.0
        D:2 |      80 |      12 |  13.0 |      26 |       5 |  16.1
        D:3 |      40 |      23 |  36.5 |      14 |      10 |  41.7
        D:4 |       7 |       0 |   0.0 |       3 |       0 |   0.0
            +---------+---------+-------+---------+---------+-------
